[Event "Titled Tuesday Blitz September 13 Early 2022"]
[White "Bluebaum, Matthias"]
[Black "Harsha Bharathakoti"]
[WhiteFideId "24651516"]
[BlackFideId "5078776"]
[WhiteElo "2633"]
[BlackElo "2523"]
[Result "1/2-1/2"]
[Round "10"]
[TimeControl "180+1"]
[Date "2022.09.13"]
[WhiteClock "0:01:00"]
[BlackClock "0:01:37"]

1. d4 Nf6 2. c4 c5 3. d5 e6 4. Nc3 exd5 5. cxd5 d6 6. e4 g6 7. h3 Bg7 8. Nf3 O-O 9. Be3 a6 10. a4 Re8 11. Nd2 Nxe4 12. Ncxe4 f5 13. Be2 fxe4 14. Nc4 a5 15. Bf4 Ra6 16. O-O Qf6 17. Qd2 Nd7 18. Ra3 Nb6 19. Nxd6 Rf8 20. Bxa6 Qxf4 21. Qxf4 Rxf4 22. Nxc8 Nxc8 23. Bxb7 Nd6 24. Bc6 Bxb2 25. Rb3 Bd4 26. Rb8+ Kg7 27. g3 Rf6 28. Rd8 c4 29. Rd7+ Kh6 30. Bb5 c3 31. Kg2 Bb6 32. Be2 c2 33. Rxd6 Rxd6 34. Rc1 Rxd5 35. Rxc2 e3 36. f4 Rd2 37. Rxd2 exd2 38. Kf3 Kg7 39. Ke4 Bf2 40. g4 Bg3 41. Bd1 Kf6 42. Bb3 h6 43. Kf3 Bh2 44. Ke4 Ke7 45. Ke3 Kf6 46. Bc2 Bg3 47. Kf3 Bh2 48. Ke3 g5 49. fxg5+ Kxg5 50. Kxd2 Kh4 51. Bf5 Bf4+ 52. Kd3 Bg5 53. Kc4 Bd2 54. Kb5 Kg5 55. Bd7 h5 56. gxh5 Kxh5 57. Bg4+ Kh4 58. Kc4 Be1 59. Kd3 Bb4 60. Ke4 Kg5 61. Be6 Kh6 62. Kd5 Kg7 63. Bc8 Kg6 64. Kc6 Kg5 65. Kd7 Kh4 66. Ke8 Kg5 67. Kf7 Kh6 68. Kf6 Bc3+ 69. Kf5 Bb4 70. Kg4 Ba3 71. h4 Bb4 72. h5 Bc5 73. Bd7 Bb6 74. Be8 Bc7 75. Bg6 Bd8 76. Kf5 Bb6 77. Ke6 Bc5 78. Kd7 Bb4 79. Kc7 Kg5 80. Kc6 Kh6 81. Kb6 Kg7 82. Kb5 Kh6 83. Ka6 Kg7 84. Kb7 Kh6 85. Be8 Kg7 86. Bb5 Kh6 87. Be2 Kg7 88. Bd1 Kh6 89. Kc6 Kg7 90. Kd7 Kh6 91. Ke6 Kg7 92. Kf5 Kh6 93. Kf6 Kh7 94. Kg5 Kh8 95. Kg6 Bc3 96. h6 Bb4 97. h7 Ba3 98. Bc2 Bb4 99. Kf7 Ba3 100. Ke6 Bb4 101. Kd7 Kg7 102. Kc7 Kh8 103. Kc6 Kg7 104. Kb6 Kh8 105. Kb5 Kg7 106. Ka6 Kh8 107. Kb7 Kg7 108. Kb8 Kh8 109. Ka7 Kg7 110. Ka8 Kh8 111. Kb8 Kg7 112. Kb7 Kh8 113. Kb6 Kg7 114. Kb5 Kh8 115. Kc6 Kg7 116. Kd5 Kh8 117. Ke6 Kg7 118. Kf5 Kh8 119. Kg6 Ba3 120. Bb1 Bb4 121. Ba2 Ba3 122. Bb3 Bb4 123. Bc4 Ba3 124. Bd5 Bb4 125. Be6 Ba3 126. Bf5 Bb4 127. Be4 Ba3 128. Bd3 Bb4 129. Bc2 Ba3 130. Bb1 Bb4 131. Bc2 1/2-1/2


[Site "https://www.chess.com"]

[Event "Titled Tuesday Blitz September 13 Early 2022"]
[White "Bortnyk, Olexandr"]
[Black "Kevlishvili, Robby"]
[WhiteFideId "14120828"]
[BlackFideId "1040634"]
[WhiteElo "2723"]
[BlackElo "2585"]
[Result "1-0"]
[Round "10"]
[TimeControl "180+1"]
[Date "2022.09.13"]
[WhiteClock "0:00:01"]
[BlackClock "0:00:03"]

1. d4 d5 2. Nc3 Nf6 3. Bf4 c5 4. e4 Nxe4 5. Nxe4 dxe4 6. dxc5 Qxd1+ 7. Rxd1 Nc6 8. Bb5 Bd7 9. Ne2 e5 10. Be3 f5 11. Nc3 Rc8 12. Rd5 Be6 13. Rxe5 Kf7 14. Bxc6 bxc6 15. f3 exf3 16. gxf3 Be7 17. Bf2 Bf6 18. Re3 Bc4 19. f4 Bd4 20. Re7+ Kxe7 21. Bxd4 Kf7 22. Rg1 Rhe8+ 23. Be5 g6 24. b3 Ba6 25. Kf2 Rcd8 26. Ke3 h6 27. h4 Rd7 28. a4 Rde7 29. b4 Rxe5+ 30. fxe5 Rxe5+ 31. Kd4 Re8 32. b5 Bb7 33. Kc4 Kf6 34. Rd1 g5 35. hxg5+ hxg5 36. Rd6+ Re6 37. Rd8 g4 38. Kd3 g3 39. Rg8 f4 40. Ne2 Kf7 41. Rg4 cxb5 42. Rxf4+ Rf6 43. axb5 g2 44. c6 Rxf4 45. cxb7 Rf3+ 46. Kc4 Rf4+ 47. Kb3 Rf3+ 48. c3 Rf2 49. Ng1 Re2 50. Nxe2 g1=Q 51. Nxg1 1-0


[Site "https://www.chess.com"]

[Event "Titled Tuesday Blitz September 13 Early 2022"]
[White "Bykhovsky, Anatoly"]
[Black "Hasangatin, Ramil"]
[WhiteFideId "2806991"]
[BlackFideId "4122160"]
[WhiteElo "2540"]
[BlackElo "2327"]
[Result "1/2-1/2"]
[Round "10"]
[TimeControl "180+1"]
[Date "2022.09.13"]
[WhiteClock "0:00:20"]
[BlackClock "0:00:12"]

1. d4 Nf6 2. c4 d6 3. Nc3 e5 4. Nf3 e4 5. Ng5 Qe7 6. Qc2 Bf5 7. f3 Nc6 8. d5 Nd4 9. Qd1 c5 10. dxc6 Nxc6 11. Nd5 Qd8 12. e3 h6 13. Nxf6+ Qxf6 14. Nxe4 Bxe4 15. fxe4 Qh4+ 16. g3 Qxe4 17. Qd5 Qxd5 18. cxd5 Ne5 19. Bd2 Be7 20. Bc3 Bf6 21. Be2 Nd7 22. Rc1 Rc8 23. Kd2 Bxc3+ 24. Rxc3 Rxc3 25. Kxc3 Ke7 26. Kd4 Ne5 27. Rc1 Rb8 28. h4 Kd8 29. Bd1 Rc8 30. Rxc8+ Kxc8 31. b4 Kd8 32. a4 Ke7 33. a5 Kf6 34. Be2 Kf5 35. e4+ Kf6 36. Bd1 g6 37. Be2 g5 38. hxg5+ Kxg5 39. Bd1 h5 40. Be2 h4 41. gxh4+ Kxh4 42. Ke3 Kg5 43. Bd1 Kf6 44. Be2 Ng6 45. Kd4 Ne5 46. Bd1 Kg5 47. Ke3 f5 48. exf5 Kxf5 49. Bc2+ Kf6 50. Kd4 Nf7 51. Bd1 Nh6 52. Bc2 Kg5 53. Bd3 Kf4 54. Bg6 Nf5+ 55. Kc4 Ke5 56. Be8 Ne3+ 57. Kb5 Nxd5 58. Bd7 Nc7+ 59. Kc4 d5+ 60. Kc5 Na6+ 61. Kb5 d4 62. Bc8 Nc7+ 63. Kc5 Ne6+ 64. Bxe6 Kxe6 65. Kxd4 Kd6 66. b5 b6 67. a6 Ke6 68. Ke4 Kd6 69. Kd4 Ke6 70. Ke4 Kd6 71. Kd4 1/2-1/2


[Site "https://www.chess.com"]

[Event "Titled Tuesday Blitz September 13 Early 2022"]
[White "Decuigniere, Tom"]
[Black "Ibarra Jerez, Jose Carlos"]
[WhiteFideId "26093820"]
[BlackFideId "2226332"]
[WhiteElo "2041"]
[BlackElo "2627"]
[Result "0-1"]
[Round "10"]
[TimeControl "180+1"]
[Date "2022.09.13"]
[WhiteClock "0:00:07"]
[BlackClock "0:00:14"]

1. c4 e6 2. g3 d5 3. Bg2 dxc4 4. Qa4+ Nd7 5. Qxc4 a6 6. Nf3 b5 7. Qc2 Bb7 8. O-O c5 9. a4 Ngf6 10. d4 Rc8 11. axb5 axb5 12. dxc5 Bxc5 13. Qb3 b4 14. Bf4 Bd5 15. Qd1 O-O 16. Nbd2 Qb6 17. e3 Rfe8 18. Nb3 Bf8 19. Ne5 Bxg2 20. Kxg2 Nxe5 21. Bxe5 Qb7+ 22. Qf3 Ne4 23. Nd2 f5 24. Nxe4 fxe4 25. Qf4 Rc5 26. Rac1 Rec8 27. Rxc5 Rxc5 28. Rd1 Rd5 29. Qxe4 Qd7 30. Rxd5 exd5 31. Qd4 Qc6 32. h4 h5 33. Qd1 g6 34. Bd4 Qe6 35. Qf3 b3 36. Qf6 Qxf6 37. Bxf6 Kf7 38. Bd4 Ke6 39. Kf3 Kf5 40. Kg2 Ke4 41. f3+ Kd3 42. g4 Bb4 43. Kg3 Be1+ 44. Kh3 Bf2 45. f4 Bxe3 46. Bxe3 Kxe3 47. f5 hxg4+ 48. Kxg4 gxf5+ 49. Kxf5 d4 50. h5 d3 51. h6 d2 52. h7 d1=Q 53. h8=Q Qd5+ 54. Kg4 Qd4+ 0-1


[Site "https://www.chess.com"]

[Event "Titled Tuesday Blitz September 13 Early 2022"]
[White "Demchenko, Anton"]
[Black "Starozhilov, Leonid"]
[WhiteFideId "4160258"]
[BlackFideId "14106752"]
[WhiteElo "2539"]
[BlackElo "2414"]
[Result "1/2-1/2"]
[Round "10"]
[TimeControl "180+1"]
[Date "2022.09.13"]
[WhiteClock "0:00:06"]
[BlackClock "0:00:04"]

1. e4 g6 2. d4 Bg7 3. Nf3 d6 4. Bc4 Nf6 5. Qe2 Nc6 6. h3 O-O 7. e5 dxe5 8. dxe5 Nd5 9. O-O Nb6 10. Rd1 Qe8 11. Bd3 f6 12. Nc3 Nxe5 13. Nxe5 fxe5 14. Nb5 Qf7 15. Nxc7 Rb8 16. Be3 Kh8 17. Bxb6 axb6 18. Be4 Bf5 19. f3 Rbc8 20. Nd5 Rfd8 21. Nxb6 Rb8 22. c3 Bh6 23. Bxf5 Qxf5 24. Nc4 Bf4 25. Nd2 Qc2 26. Kf1 Rxd2 27. Rxd2 Qxd2 28. Qxd2 Bxd2 29. Rd1 Bg5 30. Rd5 Bf6 31. Rb5 Kg8 32. a4 Kf7 33. a5 Ra8 34. b4 Ra7 35. Ke2 Ke6 36. Kd3 Kd6 37. c4 e6 38. Rb6+ Kd7 39. Ke4 Bd8 40. Rb5 Bc7 41. h4 h5 42. g4 Kc6 43. Rc5+ Kd7 44. gxh5 gxh5 45. f4 exf4 46. Rxh5 Ra8 47. Rh7+ Kd6 48. c5+ Kc6 49. b5+ Kxc5 50. Rxc7+ Kxb5 51. Rxb7+ Kxa5 52. Kxf4 Rf8+ 53. Kg4 Rf1 54. h5 Rh1 55. Kg5 Ka6 56. Rb2 Rg1+ 57. Kf6 Rh1 58. Kg6 Rg1+ 59. Kh7 e5 60. h6 e4 61. Kh8 e3 62. h7 Rg3 63. Rb8 Ka7 64. Rg8 e2 65. Re8 Rg2 66. Re4 Kb6 67. Re3 Kc5 68. Re8 Kd4 69. Re7 Kd3 70. Rxe2 Rxe2 71. Kg7 Rg2+ 72. Kf7 Rh2 73. Kg8 Rxh7 74. Kxh7 1/2-1/2


[Site "https://www.chess.com"]

[Event "Titled Tuesday Blitz September 13 Early 2022"]
[White "Fernandez Guillen, Ernesto J."]
[Black "Vlassov, Nikolai"]
[WhiteFideId "3512428"]
[BlackFideId "4103360"]
[WhiteElo "2422"]
[BlackElo "2324"]
[Result "0-1"]
[Round "10"]
[TimeControl "180+1"]
[Date "2022.09.13"]
[WhiteClock "0:00:03"]
[BlackClock "0:00:08"]

1. e4 c5 2. Nf3 d6 3. d4 cxd4 4. Nxd4 Nf6 5. Nc3 g6 6. Bc4 a6 7. Bb3 b5 8. f3 Bb7 9. h4 h5 10. Bg5 Bg7 11. Qd2 Nbd7 12. O-O-O Qc7 13. Kb1 Rc8 14. Nd5 Nxd5 15. exd5 Nf6 16. Rhe1 O-O 17. Bh6 Nxd5 18. Bxg7 Kxg7 19. g4 hxg4 20. h5 e5 21. Nf5+ Kf6 22. Bxd5 Bxd5 23. Ne3 Bxf3 24. Rf1 Ke6 25. Rxf3 gxf3 26. Qd5+ Ke7 27. Qxf3 Qc6 28. Qg4 gxh5 29. Nd5+ Kd8 30. Qf5 f6 31. Qh7 Qd7 32. Qh6 Qf7 33. b4 Rc4 34. Qe3 Qb7 35. Qh6 Re8 36. Qxf6+ Kc8 37. Qxd6 Qc6 38. Nb6+ Kb7 39. Nxc4 bxc4 40. Qd2 c3 41. Qe3 e4 42. a3 a5 43. Rd4 h4 44. bxa5 h3 45. Rb4+ Ka8 46. Qxh3 e3 47. Qg3 e2 48. Qe1 Qd5 49. Rh4 Qd1+ 0-1


[Site "https://www.chess.com"]

[Event "Titled Tuesday Blitz September 13 Early 2022"]
[White "Fiorito, Francisco"]
[Black "Vogel, Roven"]
[WhiteFideId "180165"]
[BlackFideId "12908088"]
[WhiteElo "1787"]
[BlackElo "2501"]
[Result "0-1"]
[Round "10"]
[TimeControl "180+1"]
[Date "2022.09.13"]
[WhiteClock "0:00:24"]
[BlackClock "0:00:35"]

1. e4 c5 2. Nf3 d6 3. d4 cxd4 4. Nxd4 Nf6 5. Nc3 Nc6 6. Be2 e5 7. Ndb5 a6 8. Na3 b5 9. Nd5 Nxd5 10. exd5 Nd4 11. Bd3 Be7 12. c3 Nf5 13. O-O O-O 14. Nc2 Bg5 15. a4 bxa4 16. Rxa4 g6 17. Nb4 Bxc1 18. Qxc1 Ne7 19. Rd1 a5 20. Nc2 Nxd5 21. Bxg6 hxg6 22. Rxd5 Be6 23. Rd2 Kg7 24. Ne3 Qb6 25. h3 Rfd8 26. c4 Rac8 27. Qc3 Rc5 28. b3 Rb8 29. Rd3 Kg8 30. Ra3 Qc6 31. Rxa5 Rxb3 32. Qxb3 Rxa5 33. Qb8+ Kg7 34. Qxd6 Ra1+ 35. Kh2 Qe4 36. Rd2 Re1 37. c5 Qf4+ 38. g3 Qf3 39. Ng2 Bxh3 40. Qd5 Bxg2 0-1


[Site "https://www.chess.com"]

[Event "Titled Tuesday Blitz September 13 Early 2022"]
[White "Goryachkina, Aleksandra"]
[Black "Maksimovic, Bojan"]
[WhiteFideId "4147103"]
[BlackFideId "14408120"]
[WhiteElo "2426"]
[BlackElo "2447"]
[Result "1-0"]
[Round "10"]
[TimeControl "180+1"]
[Date "2022.09.13"]
[WhiteClock "0:00:08"]
[BlackClock "0:00:02"]

1. e4 e5 2. Nf3 Nc6 3. d4 exd4 4. Bc4 Nf6 5. O-O Bc5 6. c3 dxc3 7. Nxc3 O-O 8. e5 Ng4 9. Bf4 d6 10. exd6 Bxd6 11. Bxd6 cxd6 12. Re1 Nge5 13. Bd5 Bg4 14. h3 Bxf3 15. Bxf3 Qf6 16. Bxc6 Nxc6 17. Ne4 Qxb2 18. Qxd6 Rad8 19. Qc7 Rc8 20. Qg3 Qe5 21. Qxe5 Nxe5 22. Nd6 Rc6 23. Nxb7 Nc4 24. Rac1 Rfc8 25. Rc3 g6 26. g3 Nd2 27. Rxc6 Nf3+ 28. Kf1 Rxc6 29. Rd1 Rc2 30. a4 Nd2+ 31. Ke2 Nb3+ 32. Ke3 Ra2 33. Rd8+ Kg7 34. Rd7 Ra3 35. Ke2 Ra2+ 36. Ke3 Ra3 37. Rd3 Kf6 38. Nc5 Nxc5 39. Rxa3 Ke5 40. a5 Kd5 41. Rc3 f6 42. f3 a6 43. Rc2 h5 44. Rb2 Kc6 45. Rb6+ Kc7 46. Rxf6 1-0


[Site "https://www.chess.com"]

[Event "Titled Tuesday Blitz September 13 Early 2022"]
[White "Gurel, Ediz"]
[Black "Kosteniuk, Alexandra"]
[WhiteFideId "44507356"]
[BlackFideId "4128125"]
[WhiteElo "1894"]
[BlackElo "2469"]
[Result "1-0"]
[Round "10"]
[TimeControl "180+1"]
[Date "2022.09.13"]
[WhiteClock "0:00:28"]
[BlackClock "0:00:07"]

1. e4 e5 2. Nf3 Nf6 3. Nxe5 d6 4. Nf3 Nxe4 5. Nc3 Nxc3 6. dxc3 Be7 7. Be3 Nd7 8. Qd2 Nf6 9. Bd3 O-O 10. O-O-O c5 11. h3 b5 12. Rhe1 Qa5 13. a3 Be6 14. Ng5 d5 15. Bf4 c4 16. Bf1 Bxa3 17. bxa3 Qxa3+ 18. Kb1 Bf5 19. Qc1 Qxc3 20. Qb2 Qxb2+ 21. Kxb2 h6 22. Nf3 Rfd8 23. Nd4 Bd7 24. f3 b4 25. Ra1 Re8 26. Rxe8+ Rxe8 27. g4 g5 28. Bd6 a5 29. Rxa5 Re1 30. Ra8+ Ne8 31. Be2 c3+ 32. Ka2 Kg7 33. Bxb4 Nc7 34. Ra7 Ne6 35. Bxc3 Nxd4 36. Bxd4+ Kf8 37. Bd3 Be6 38. Bf6 Ke8 39. Bb5+ 1-0


[Site "https://www.chess.com"]

[Event "Titled Tuesday Blitz September 13 Early 2022"]
[White "Harvey, Marcus R"]
[Black "Ginzburg, Yakov"]
[WhiteFideId "400092"]
[BlackFideId "4157176"]
[WhiteElo "2485"]
[BlackElo "2265"]
[Result "0-1"]
[Round "10"]
[TimeControl "180+1"]
[Date "2022.09.13"]
[WhiteClock "0:00:10"]
[BlackClock "0:00:26"]

1. e4 c5 2. Nf3 e6 3. d4 cxd4 4. Nxd4 Nf6 5. Nc3 Nc6 6. Be2 Bb4 7. O-O Bxc3 8. bxc3 Nxe4 9. Nxc6 dxc6 10. Bd3 Nxc3 11. Qh5 Qd5 12. Qh4 c5 13. Qg3 Qd4 14. Be3 Qxd3 15. Qxg7 Ne2+ 16. Kh1 Qc3 17. Qg4 Nd4 18. Rad1 Bd7 19. Bg5 Rg8 20. Qh4 Bc6 21. f3 Qxc2 22. Rd2 Qg6 23. Bf4 Nxf3 0-1


[Site "https://www.chess.com"]

[Event "Titled Tuesday Blitz September 13 Early 2022"]
[White "Indjic, Aleksandar"]
[Black "Atakhan, Abtin"]
[WhiteFideId "911925"]
[BlackFideId "22502203"]
[WhiteElo "2592"]
[BlackElo "2087"]
[Result "1-0"]
[Round "10"]
[TimeControl "180+1"]
[Date "2022.09.13"]
[WhiteClock "0:00:02"]
[BlackClock "0:00:03"]

1. e4 c5 2. Nf3 Nc6 3. Bb5 e6 4. Bxc6 bxc6 5. e5 Ne7 6. d3 Ng6 7. O-O f6 8. Re1 Be7 9. Nbd2 O-O 10. Nc4 Qc7 11. Bd2 fxe5 12. Ncxe5 Nh8 13. c3 d6 14. Nc4 e5 15. d4 exd4 16. cxd4 Bg4 17. dxc5 Bxf3 18. cxd6 Bxd6 19. gxf3 Bxh2+ 20. Kg2 Ng6 21. Re4 Bf4 22. Bc3 Rad8 23. Qb3 Rd5 24. Rh1 Qf7 25. Rh3 Bc7 26. Ne3 Nf4+ 27. Rxf4 Bxf4 28. Nxd5 cxd5 29. Qc2 h6 30. Qd3 Qe6 31. Rh4 Rf5 32. Rg4 Be5 33. Qe3 Qf6 34. Bxe5 Rxe5 35. Qxa7 h5 36. Rg3 h4 37. Rh3 Rg5+ 38. Kf1 Qxb2 39. Qe3 Qa1+ 40. Ke2 Re5 41. Rxh4 Qxa2+ 42. Kf1 Rxe3 43. fxe3 Qb1+ 44. Kf2 Qc2+ 45. Kg3 Qd3 46. Rd4 Qxe3 47. Rxd5 Kf7 48. Rf5+ Kg6 49. Rf4 Qg1+ 50. Kh3 Qh1+ 51. Kg3 Qe1+ 52. Kh3 Kh5 53. Re4 g5 54. Rxe1 1-0


[Site "https://www.chess.com"]

[Event "Titled Tuesday Blitz September 13 Early 2022"]
[White "Jobava, Baadur"]
[Black "Kosakowski, Jakub"]
[WhiteFideId "13601520"]
[BlackFideId "1185080"]
[WhiteElo "2582"]
[BlackElo "2453"]
[Result "1-0"]
[Round "10"]
[TimeControl "180+1"]
[Date "2022.09.13"]
[WhiteClock "0:00:10"]
[BlackClock "0:00:03"]

1. e4 c6 2. c4 d5 3. exd5 cxd5 4. d4 Nf6 5. Nc3 Nc6 6. Nf3 a6 7. h3 g6 8. c5 Bg7 9. Bd3 Bf5 10. O-O Ne4 11. Re1 Nxc3 12. bxc3 Qd7 13. Rb1 Bxd3 14. Qxd3 O-O 15. Bf4 f6 16. Re2 Rae8 17. Reb2 Na5 18. Rb6 e5 19. Rd6 Qf7 20. dxe5 fxe5 21. Ng5 Qxf4 22. Qxd5+ Kh8 23. Ne4 Qf7 24. c4 Nxc4 25. Rxb7 Nxd6 26. Rxf7 Nxf7 27. Qc4 Rd8 28. Qxa6 Rd4 29. Qe2 Nd8 30. g3 Nc6 31. Kg2 Ra4 32. Nd6 Nd4 33. Qd2 h6 34. h4 Rfa8 35. Qd3 e4 36. Qxe4 Nf5 37. Nf7+ Kh7 38. Qe6 Rxa2 39. h5 gxh5 40. Qxf5+ Kg8 41. Qd5 Kh7 42. Nd6 Rb2 43. Qxa8 1-0


[Site "https://www.chess.com"]

[Event "Titled Tuesday Blitz September 13 Early 2022"]
[White "Korchmar, Vasiliy"]
[Black "Cardoso Cardoso, Jose Gabriel"]
[WhiteFideId "24131750"]
[BlackFideId "4430492"]
[WhiteElo "2370"]
[BlackElo "2485"]
[Result "1-0"]
[Round "10"]
[TimeControl "180+1"]
[Date "2022.09.13"]
[WhiteClock "0:00:05"]
[BlackClock "0:00:03"]

1. e4 g6 2. d4 Bg7 3. Nc3 d6 4. g3 a6 5. Bg2 b5 6. Nge2 Bb7 7. a3 Nd7 8. O-O e6 9. Be3 Ne7 10. Qd2 O-O 11. Bh6 Kh8 12. Rad1 Ng8 13. Bxg7+ Kxg7 14. f4 Ne7 15. g4 f5 16. gxf5 exf5 17. e5 Bxg2 18. Kxg2 d5 19. Qe3 Rh8 20. Nc1 Nf8 21. Nd3 Ne6 22. Ne2 Qd7 23. h4 Kf7 24. Rh1 Rag8 25. Kf2 Qc6 26. c3 Qc4 27. Rdg1 a5 28. h5 Qb3 29. Nc5 Qc2 30. Nd7 c6 31. Nf6 Rf8 32. Nxh7 gxh5 33. Nxf8 Kxf8 34. Qg3 Qxb2 35. Qh4 Rh6 36. Rg3 b4 37. axb4 axb4 38. Re1 bxc3 39. Rxc3 Nxd4 40. Rg3 Ne6 41. Qh3 d4 42. Qg2 d3 43. Rxd3 Nxf4 44. Qg3 Nxd3+ 45. Qxd3 Qb6+ 46. Kf1 Qb5 47. Qxb5 cxb5 48. Nd4 b4 49. e6 f4 50. Rb1 h4 51. Rxb4 h3 52. Kg1 h2+ 53. Kh1 Kg7 54. Rb2 Kf6 55. Rxh2 Rg6 56. Rf2 Ke5 57. Rd2 Nd5 58. Nf3+ Ke4 59. Nd4 Ke3 60. Rd1 Nc3 61. e7 Kf2 62. Rd2+ Kf1 63. e8=Q Rh6+ 64. Rh2 Rh5 65. Qxh5 Nd1 66. Qh3+ Ke1 67. Rg2 Nf2+ 68. Rxf2 Kxf2 69. Qf3+ Ke1 70. Qe2# 1-0


[Site "https://www.chess.com"]

[Event "Titled Tuesday Blitz September 13 Early 2022"]
[White "Koustav, Chatterjee"]
[Black "Paravyan, David"]
[WhiteFideId "25073060"]
[BlackFideId "4194985"]
[WhiteElo "2196"]
[BlackElo "2555"]
[Result "0-1"]
[Round "10"]
[TimeControl "180+1"]
[Date "2022.09.13"]
[WhiteClock "0:00:07"]
[BlackClock "0:01:57"]

1. d4 Nf6 2. Nf3 g6 3. Bf4 Bg7 4. e3 O-O 5. h3 c5 6. Nbd2 cxd4 7. exd4 Nc6 8. c3 d6 9. Be2 e5 10. dxe5 dxe5 11. Nxe5 Nd5 12. Nxc6 bxc6 13. Bg3 Bxc3 14. Qc1 Ba5 15. O-O Ne3 16. fxe3 Bxd2 17. Qxc6 Bxe3+ 18. Kh2 Be6 19. Rad1 Qb6 20. Qf3 Bd4 21. b3 a5 22. Rd2 a4 23. Rfd1 Bg7 24. Rd6 Qb4 25. Rxe6 fxe6 26. Qe3 axb3 27. Bd6 Qxd6+ 28. Rxd6 bxa2 29. Rd1 Kh8 30. Bc4 a1=Q 31. Rxa1 Rxa1 32. Qxe6 Ra5 33. h4 Be5+ 34. Kh3 Ra3+ 35. Bb3 Bg7 36. g3 Ra1 37. Kg4 Rg1 38. Qe3 Rg2 39. h5 gxh5+ 40. Kxh5 Rh2+ 41. Kg4 Rh6 42. Bc2 Rg8 43. Bb3 Bd4+ 0-1


[Site "https://www.chess.com"]

[Event "Titled Tuesday Blitz September 13 Early 2022"]
[White "Livaic, Leon"]
[Black "Lin, Dachey"]
[WhiteFideId "14531534"]
[BlackFideId "2029650"]
[WhiteElo "2540"]
[BlackElo "2313"]
[Result "1-0"]
[Round "10"]
[TimeControl "180+1"]
[Date "2022.09.13"]
[WhiteClock "0:00:06"]
[BlackClock "0:00:08"]

1. d4 g6 2. c4 Bg7 3. Nc3 c5 4. d5 Bxc3+ 5. bxc3 f5 6. h4 Nf6 7. h5 Rg8 8. hxg6 hxg6 9. Nf3 d6 10. Qc2 Nbd7 11. Bg5 Ne4 12. Rh7 Ndf6 13. Bxf6 Nxf6 14. Rh1 Bd7 15. Ng5 Qa5 16. e3 O-O-O 17. Bd3 Rh8 18. Kd2 Ng4 19. f4 Rde8 20. Ke2 Kc7 21. Rab1 b6 22. e4 Rhf8 23. g3 e6 24. dxe6 Bxe6 25. Rh7+ Kd8 26. Kf3 Nf6 27. exf5 Nxh7 28. Nxe6+ Rxe6 29. fxe6 Ng5+ 30. Kg2 Nxe6 31. Re1 Rf6 32. Bxg6 Qa6 33. Qe4 Qxa2+ 34. Re2 Qa6 35. Qa8+ Qc8 36. Qxc8+ Kxc8 37. Be4 Kc7 38. Bd5 Nf8 39. Re7+ Nd7 40. Be6 Rxe6 41. Rxe6 a6 42. f5 b5 43. f6 Kd8 44. f7 1-0


[Site "https://www.chess.com"]

[Event "Titled Tuesday Blitz September 13 Early 2022"]
[White "Lopez, Henry"]
[Black "Harsh Suresh"]
[WhiteFideId "5203830"]
[BlackFideId "45018464"]
[WhiteElo "2177"]
[BlackElo "2070"]
[Result "1-0"]
[Round "10"]
[TimeControl "180+1"]
[Date "2022.09.13"]
[WhiteClock "0:00:24"]
[BlackClock "0:00:06"]

1. d4 g6 2. Nf3 Bg7 3. c4 d6 4. Nc3 Nf6 5. e4 O-O 6. Be2 e5 7. O-O Nc6 8. d5 Ne7 9. b4 Nh5 10. Re1 f5 11. Ng5 Nf4 12. Bxf4 exf4 13. Rc1 fxe4 14. Ncxe4 Nf5 15. c5 h6 16. Nf3 g5 17. h3 a5 18. a3 axb4 19. axb4 Re8 20. Bc4 Kh8 21. Qd3 Ne7 22. cxd6 cxd6 23. Bb5 Rf8 24. Bc4 Bf5 25. Qb3 Ng6 26. Bd3 Qb6 27. Qb1 Ra4 28. b5 Ra1 29. Qb4 Rxc1 30. Rxc1 Ne5 31. Nxe5 Bxe5 32. Qe1 Re8 33. Qd1 Qd4 34. Qh5 Rg8 35. Qxh6+ Bh7 36. Nxg5 Qxd3 37. Nf7# 1-0


[Site "https://www.chess.com"]

[Event "Titled Tuesday Blitz September 13 Early 2022"]
[White "Martinez Alcantara, Jose Eduardo"]
[Black "Beerdsen, Thomas"]
[WhiteFideId "3805662"]
[BlackFideId "1030108"]
[WhiteElo "2703"]
[BlackElo "2567"]
[Result "1-0"]
[Round "10"]
[TimeControl "180+1"]
[Date "2022.09.13"]
[WhiteClock "0:00:45"]
[BlackClock "0:00:47"]

1. e4 e5 2. Nf3 Nc6 3. Bb5 f5 4. Nc3 fxe4 5. Nxe4 Nf6 6. Qe2 d5 7. Nxf6+ gxf6 8. d4 Bg7 9. c4 O-O 10. cxd5 Nxd4 11. Nxd4 exd4 12. O-O Kh8 13. Qf3 c6 14. dxc6 bxc6 15. Bxc6 Rb8 16. b3 Ba6 17. Re1 Qa5 18. Bf4 Rbd8 19. a3 d3 20. b4 Qb6 21. Rad1 Bb5 22. Be4 Rfe8 23. Qh5 Rxe4 24. Rxe4 Qc6 25. Ree1 Rd5 26. Qf3 Qd7 27. h3 Bc6 28. Qg4 f5 29. Qh4 Qf7 30. Re3 d2 31. Rg3 Qd7 32. Qg5 h6 33. Qg6 1-0


[Site "https://www.chess.com"]

[Event "Titled Tuesday Blitz September 13 Early 2022"]
[White "Movahed, Sina"]
[Black "Sarana, Alexey"]
[WhiteFideId "42520835"]
[BlackFideId "24133795"]
[WhiteElo "2117"]
[BlackElo "2689"]
[Result "1-0"]
[Round "10"]
[TimeControl "180+1"]
[Date "2022.09.13"]
[WhiteClock "0:00:46"]
[BlackClock "0:01:24"]

1. e4 c5 2. Nf3 d6 3. d4 cxd4 4. Nxd4 Nf6 5. Nc3 a6 6. Bg5 e6 7. f4 Nbd7 8. Qf3 Qc7 9. O-O-O b5 10. Bd3 Bb7 11. Rhe1 Be7 12. Nd5 exd5 13. Nf5 Bf8 14. e5 Ne4 15. exd6 Qc6 16. Nd4 f5 17. Nxc6 Bxc6 18. g4 Bxd6 19. gxf5 Nc5 20. Bxe4 Nxe4 21. Rxe4+ dxe4 22. Qc3 1-0


[Site "https://www.chess.com"]

[Event "Titled Tuesday Blitz September 13 Early 2022"]
[White "Odegov, Artem"]
[Black "Dimitrov, Atanas"]
[WhiteFideId "34183644"]
[BlackFideId "2901315"]
[WhiteElo "2286"]
[BlackElo "2732"]
[Result "1-0"]
[Round "10"]
[TimeControl "180+1"]
[Date "2022.09.13"]
[WhiteClock "0:01:10"]
[BlackClock "0:00:27"]

1. d4 Nf6 2. c4 g6 3. Nc3 d5 4. cxd5 Nxd5 5. e4 Nxc3 6. bxc3 Bg7 7. Bc4 O-O 8. Ne2 c5 9. Be3 cxd4 10. cxd4 Nc6 11. O-O b6 12. Rc1 Bb7 13. Qd2 Rc8 14. f3 e6 15. Rfd1 Qd7 16. d5 Na5 17. Qb4 Nxc4 18. Rxc4 exd5 19. Rxc8 Rxc8 20. Nf4 d4 21. Bxd4 Rd8 22. Nd5 Bxd5 23. Bxg7 Kxg7 24. Rxd5 Qxd5 25. exd5 Rxd5 26. g4 h5 27. h3 hxg4 28. hxg4 g5 29. Kf2 Rc5 30. Ke3 f6 31. Ke4 Kf7 32. Qd4 Ke6 33. Qd8 Rc4+ 34. Kd3 Rc5 35. Qe8+ Kd6 36. Qf7 Rd5+ 37. Kc4 Rc5+ 38. Kd4 Ra5 39. Qxf6+ Kc7 40. Qe7+ Kc6 41. Qe6+ Kc7 42. f4 Ra4+ 43. Ke3 gxf4+ 44. Kf3 Rd4 45. g5 Rd7 46. g6 1-0


[Site "https://www.chess.com"]

[Event "Titled Tuesday Blitz September 13 Early 2022"]
[White "Oparin, Grigoriy"]
[Black "Grandelius, Nils"]
[WhiteFideId "24125890"]
[BlackFideId "1710400"]
[WhiteElo "2639"]
[BlackElo "2617"]
[Result "0-1"]
[Round "10"]
[TimeControl "180+1"]
[Date "2022.09.13"]
[WhiteClock "0:00:08"]
[BlackClock "0:00:18"]

1. Nf3 d5 2. g3 g6 3. c4 dxc4 4. Na3 Be6 5. Ng5 Bd5 6. e4 Bc6 7. Bxc4 e6 8. d3 Nd7 9. f4 Ngf6 10. O-O Nb6 11. Bb3 Bc5+ 12. Kg2 Qd7 13. Qc2 Bd4 14. Nf3 O-O-O 15. Re1 h5 16. Nxd4 Qxd4 17. Be3 Qxd3 18. Qxd3 Rxd3 19. Bc2 Rd7 20. Kg1 Rhd8 21. Rac1 Kb8 22. b4 a6 23. f5 Ng4 24. fxe6 fxe6 25. Bg5 Rf8 26. Rf1 Rdf7 27. Rxf7 Rxf7 28. Rf1 Rxf1+ 29. Kxf1 Nxh2+ 30. Ke2 Ng4 31. Kd3 Nd7 32. Kd4 Nde5 33. Bf4 Nf3+ 34. Kc3 g5 35. Bc1 h4 36. gxh4 gxh4 37. Bd1 Bxe4 38. b5 h3 39. Bf4 h2 40. Bxh2 Ngxh2 41. bxa6 bxa6 42. Nc4 Bd5 43. Ne3 c5 44. a4 Kc7 45. a5 Ne5 46. Be2 Nc6 47. Bxa6 Nxa5 48. Bb5 Nf3 49. Ng4 Nd4 50. Bd3 Nac6 51. Nf6 Kd6 52. Bf1 Na7 53. Bh3 Nab5+ 54. Kd3 c4+ 55. Ke3 Nf5+ 56. Kd2 Ke5 57. Nd7+ Kd4 58. Nb6 c3+ 59. Kc1 Ng3 60. Bg4 e5 0-1


[Site "https://www.chess.com"]